 Dungeon Crawl Stone Soup version 0.31-a0-236-g9a0961fb85 (webtiles) character file.

Game seed: 5012976166081164533

134 qw the Shooter (level 5, -3/30 HPs)
             Began as a Gargoyle Hexslinger on July 10, 2023.
             Slain by a gnoll
             ... wielding a +1 flail of protection
              (10 damage)
             ... on level 3 of the Dungeon.
             The game lasted 00:00:40 (1768 turns).

qw the Shooter (Gargoyle Hexslinger)                Turns: 1768, Time: 00:00:41

Health: -3/30      AC: 10    Str: 11    XL:     5   Next: 17%
Magic:  6/6        EV: 10    Int: 14    God:
Gold:   60         SH:  0    Dex: 14    Spells: 5/6 levels left

rFire   . . .        Y - +1 sling
rCold   . . .        (no shield)
rNeg    + . .        h - +0 ring mail
rPois   inf          (no helmet)
rElec   +            (no cloak)
rCorr   .            e - +0 pair of gloves
SInv    .            (no boots)
Will    .....        (no amulet)
Stlth   +            (no ring)
HPRegen 0.25/turn    (no ring)
MPRegen 0.10/turn

%: no passive effects
@: no status effects
A: sickness immunity, AC +4, negative energy resistance 1, electricity
resistance, torment resistance 1, petrification resistance
a: no special abilities


You were on level 3 of the Dungeon.
You visited 1 branch of the dungeon, and saw 3 of its levels.

You collected 60 gold pieces.


Innate Abilities, Weirdness & Mutations

You are immune to sickness and miasma.
Your stone body is resilient. (AC +4)
You are immune to poison.
You resist negative energy. (rN+)
You are resistant to electric shocks. (rElec)
You are resistant to unholy torment.
You are immune to petrification.


   Skills:
 - Level 2.0 Fighting
 + Level 4.7 Ranged Weapons
 - Level 1.0 Armour
 - Level 1.5 Dodging
 - Level 1.0 Spellcasting
 - Level 2.6 Hexes


You had 5 spell levels left.
You knew the following spells:

 Your Spells              Type           Power      Damage    Failure   Level
a - Slow                  Hex            32%        N/A       21%         1

Your spell library contained the following spells:

 Spells                   Type           Power      Damage    Failure   Level
 Inner Flame              Hex/Fire       4%         N/A       71%         3
 Portal Projectile        Hex/Tloc       8%         N/A       71%         3
 Cause Fear               Hex            4%         N/A       90%         4

Inventory:

Hand Weapons
 Y - a +1 sling (weapon)
Armour
 e - a +0 pair of gloves (worn)
 h - a +0 ring mail (worn)
Scrolls
 g - a scroll of identify
 j - a scroll of vulnerability {unknown}
Potions
 a - 4 potions of curing
 b - a potion of invisibility {unknown}
 c - a potion of brilliance {unknown}
 d - a potion of haste {unknown}
 f - a potion of magic {unknown}
 i - a potion of degeneration {unknown}
 k - a potion of enlightenment {unknown}

Dungeon Overview and Level Annotations

Branches:
Dungeon (3/15)

Altars:
Elyvilon
Kikubaaqudgha


Message History

You shoot a sling bullet.
The sling bullet hits the gnoll but does no damage.
The gnoll barely misses you. The gnoll completely misses you.
You shoot a sling bullet.
The sling bullet hits the gnoll but does no damage.
The gnoll hits you with a +1 flail of protection.
The gnoll barely misses you. x2; The gnoll hits you but does no damage.
You shoot a sling bullet.
The sling bullet closely misses the gnoll.
The gnoll completely misses you. The gnoll hits you but does no damage.
You shoot a sling bullet.
The sling bullet closely misses the gnoll.
The gnoll hits you but does no damage. The gnoll hits you with a +0 flail.
You shoot a sling bullet.
The sling bullet barely misses the gnoll.
The gnoll hits you with a +1 flail of protection!
The gnoll barely misses you.
You shoot a sling bullet. The sling bullet hits the gnoll.
The gnoll is lightly wounded.
The gnoll barely misses you. x2; The gnoll hits you but does no damage.
The gnoll closely misses you.
You shoot a sling bullet.
The sling bullet barely misses the gnoll.
The gnoll hits you but does no damage.
The gnoll hits you with a +1 flail of protection.
You shoot a sling bullet. The sling bullet hits the gnoll.
The gnoll is moderately wounded.
The gnoll barely misses you. The gnoll hits you with a +0 flail!
You shoot a sling bullet.
The sling bullet barely misses the gnoll.
The gnoll closely misses you. The gnoll hits you but does no damage.
The gnoll hits you with a +0 flail. The gnoll hits you but does no damage.
You shoot a sling bullet. The sling bullet hits the gnoll.
The gnoll is heavily wounded.
The gnoll barely misses you. The gnoll hits you but does no damage.
You shoot a sling bullet.
The sling bullet hits the gnoll but does no damage.
The gnoll is heavily wounded.
The gnoll hits you with a +1 flail of protection!
You die...

..............#....
.......##.....#.#.
##.....##.#.......
#.>.......###.#.#.
#........## #.##..
###......%.####.##.#
..................#
##gg.....##.....###
...######@......###....#..
.........(...............#
...#######.....###########
##.).## #####


You could see 2 gnolls.

Vanquished Creatures
  A scorpion (D:3)
  2 adders
  A gnoll (D:3)
  A dart slug (D:3)
  4 orcs (D:3)
  3 ball pythons
  4 endoplasms
  A giant cockroach (D:3)
  3 goblins
  2 hobgoblins
  5 jackals (D:2)
  3 kobolds
  3 quokkas
  2 bats
  4 frilled lizards
  A rat (D:1)
40 creatures vanquished.

Notes
Turn   | Place    | Note
-------+----------+-------------------------------------------
     0 | D:1      | qw the Gargoyle Hexslinger began the quest for the Orb.
     0 | D:1      | Reached XP level 1. HP: 12/12 MP: 2/2
     0 | D:1      | 0 ||| qw: Version: 0.3-a-52-g30416fa
     0 | D:1      | 0 ||| qw: Game counter: 4688
     0 | D:1      | 0 ||| qw: Melee chars always use a shield: true
     0 | D:1      | 0 ||| qw: God list: Okawaru
     0 | D:1      | 0 ||| qw: Allow faded altars: false
     0 | D:1      | 0 ||| qw: Do Orc after clearing Dungeon:15 true
     0 | D:1      | 0 ||| qw: Do second Lair branch before Depths: true
     0 | D:1      | 0 ||| qw: Lair rune preference: random
     0 | D:1      | 0 ||| qw: Goals: Normal
     0 | D:1      | 0 ||| PLANNING D:1-11
   158 | D:1      | You fall into a shaft and drop 1 floor!
   264 | D:2      | Reached XP level 2. HP: 16/16 MP: 3/3
   310 | D:2      | Found a faded altar of an unknown god.
   375 | D:2      | Reached skill level 3 in Ranged Weapons
   419 | D:2      | 419 ||| UPGRADING to +0 pair of gloves.
   424 | D:2      | 424 ||| READING scroll labelled WUTOAFE LITAT.
   425 | D:2      | 425 ||| READING scroll labelled YHUUQOI ANGOYTZ.
   428 | D:2      | 428 ||| READING 2 scrolls labelled IDYJIR KUSI.
   429 | D:2      | 429 ||| DROPPING scroll of poison.
   440 | D:2      | Reached XP level 3. HP: 21/21 MP: 4/4
   933 | D:1      | 933 ||| DRINKING 2 red potions.
  1417 | D:2      | 1417 ||| UPGRADING to +0 ring mail.
  1427 | D:2      | 1427 ||| DROPPING +0 robe.
  1428 | D:2      | 1428 ||| READING scroll labelled WAAMIKESEX.
  1492 | D:3      | Found an ancient bone altar of Kikubaaqudgha.
  1531 | D:3      | Reached skill level 1 in Armour
  1580 | D:3      | Reached XP level 4. HP: 26/26 MP: 5/5
  1615 | D:3      | Found a faded altar of an unknown god.
  1618 | D:3      | Found a white marble altar of Elyvilon.
  1634 | D:3      | Noticed a scorpion
  1651 | D:3      | Killed a scorpion
  1652 | D:3      | Reached skill level 4 in Ranged Weapons
  1726 | D:3      | Reached XP level 5. HP: 30/30 MP: 6/6
  1766 | D:3      | HP: 6/30 [gnoll/+0 flail (3)]
  1768 | D:3      | Slain by a gnoll

Levels and vault maps discovered:
D:1:      wheals_arrival_linesprint, layout_basic
D:2:      layout_basic, hellmonk_ecumenical_altar_blasted
D:3:      layout_rooms, nicolae_overflow_ecumenical_swirl,
          mainiacjoe_overflow_small_starburst, st_stairs_9

Skill      XL: |  1  2  3  4 |
---------------+-------------+-----
Ranged Weapons | 3 4 |  4.7
Fighting       | 2 |  2.0
Armour         | 1 |  1.0
Dodging        | |  1.5
Spellcasting   | |  1.0
Hexes          | |  2.6

Action                     |  1- 3 |  4- 6 || total
---------------------------+-------+-------++-------
   Fire: Sling             |   123 |    56 ||   179
    Use: Scroll            |     4 |       ||     4
         Potion            |     1 |       ||     1
 Armour: Robe              |    31 |       ||    31
         Ring mail         |    11 |    25 ||    36
  Dodge: Dodged            |    58 |    36 ||    94

Table legend:
 A = Non-vault XP
 B = Vault XP
 C = Vault XP percentage of total XP
 D = Non-vault monster count
 E = Vault monster count
 F = Vault count percentage of total count
                 A         B        C        D         E       F
            +---------+---------+-------+---------+---------+-------
      Total |     191 |       1 |   0.5 |      39 |       1 |   2.5
            +---------+---------+-------+---------+---------+-------
        D:1 |      25 |       0 |   0.0 |      14 |       0 |   0.0
        D:2 |      33 |       0 |   0.0 |      12 |       0 |   0.0
        D:3 |     133 |       1 |   0.7 |      13 |       1 |   7.1
            +---------+---------+-------+---------+---------+-------
